 Dungeon Crawl Stone Soup version 0.28-a0-595-g9f6c0e134a (webtiles) character file.

Game seed: 15319569537034924682

2577 Shard1697 the Thaumaturge (level 9, -4/67 HPs)
             Began as a Djinni Ice Elementalist on Oct 4, 2021.
             Shot with a sling bullet by Joseph (13 damage)
             ... on level 7 of the Dungeon.
             The game lasted 00:15:10 (8421 turns).

Shard1697 the Thaumaturge (Djinni Ice Elementalist) Turns: 8421, Time: 00:15:11

Health: -4/67      AC:  7    Str:  7    XL:     9   Next: 88%
Gold:   314        EV: 12    Int: 20    God:
                   SH:  0    Dex: 14

rFire   + + .      SeeInvis .   b - +0 short sword (elec)
rCold   x . .      Faith    .   (no shield)
rNeg    . . .      Spirit   .   c - +0 robe
rPois   ∞          Reflect  .   (no helmet)
rElec   .          Harm     .   k - +1 cloak
rCorr   .          Rampage  .   d - +2 pair of gloves
Will    .....                   (boots unavailable)
Stlth   ++........              (no amulet)
HPRegen 0.21/turn               (no ring)
MPRegen 0.00/turn               (no ring)

@: flying
A: sickness immunity, fire resistance 2, cold vulnerability 1, float, innate
caster, hp casting, extra vitality 1
a: no special abilities


You were on level 7 of the Dungeon.
You visited 1 branch of the dungeon, and saw 7 of its levels.
You also visited: Sewer and Ossuary.

You collected 314 gold pieces.

Inventory:

Hand Weapons
 a - a +0 quarterstaff
 b - a +0 short sword of electrocution (weapon)
Armour
 c - a +0 robe (worn)
 d - a +2 pair of gloves (worn)
 k - a +1 cloak (worn)
Wands
 g - a wand of flame (13)
 s - a wand of acid (9)
 w - a wand of iceblast (5)
Scrolls
 f - 2 scrolls of blinking
 i - 3 scrolls of enchant armour
 j - 3 scrolls of identify
 l - 3 scrolls of vulnerability
 o - a scroll of magic mapping
 r - a scroll of fear
 t - a scroll of enchant weapon
 x - a scroll of torment {unknown}
Potions
 e - 3 potions of curing
 h - 3 potions of ambrosia {unknown}
 m - a potion of degeneration
 n - 3 potions of flight
 p - a potion of mutation
 q - 2 potions of attraction {unknown}
 u - 2 potions of cancellation {unknown}


   Skills:
 + Level 6.6 Fighting
 - Level 2.1 Dodging
 - Level 1.5 Stealth
 * Level 9.0 Spellcasting


You had 6 spell levels left.
You knew the following spells:

 Your Spells              Type           Power      Damage    Failure   Level
a - Freeze                Ice            100%       1d11      1%          1
b - Frozen Ramparts       Ice            90%        1d11      1%          3
c - Ozocubu's Armour      Ice            45%        N/A       1%          3
d - Hailstorm             Conj/Ice       45%        3d10      1%          4
e - Foxfire               Conj/Fire      100%       2x1d9     1%          1
f - Slow                  Hex            45%        N/A       1%          2
g - Confusing Touch       Hex            45%        N/A       1%          3
h - Call Canine Familiar  Summ           45%        N/A       1%          3
Your spell library was empty.

Dungeon Overview and Level Annotations

Branches:
Dungeon (7/15)              Sewer (visited)         Ossuary (visited)
 Temple: D:4-7

Altars:
Fedhas
Okawaru
Ru
Wu Jian
Xom

Annotations:
D:4 exclusion: door
D:7 Joseph


Innate Abilities, Weirdness & Mutations

You are immune to sickness and miasma.
You are immune to poison.
Your flesh is very heat resistant. (rF++)
You are vulnerable to cold. (rC-)
You float through the air rather than walking.
You learn spells naturally, not from books.
Your magical power is your life essence.
You have superior vitality. (+4 HP)


Message History

Lightning courses through the hornet zombie!
The hornet zombie is almost destroyed.
The hornet zombie hits you.
* * * LOW HITPOINT WARNING * * *
Okay, then.
You feel much better. The hornet zombie closely misses you.
You hit the hornet zombie.
The hornet zombie is almost destroyed.
The hornet zombie closely misses you. x2
You barely miss the hornet zombie.
The hornet zombie is almost destroyed.
The hornet zombie barely misses you.
You hit the hornet zombie.
Lightning courses through the hornet zombie!
You destroy the hornet zombie!
Your Spellcasting skill increases to level 9!
Your icy armour cracks and falls away as you move.
You see here a +0 flail.
You start resting.
Joseph, a Mercenary comes into view.
He is wielding a +0 quarterstaff and carrying a wand of iceblast (10).
Joseph shouts!
Joseph unwields a +0 quarterstaff.
Joseph wields a +0 hunting sling.
Joseph shoots a sling bullet.
The sling bullet hits you!
An ogre comes into view. It is wielding a +0 giant spiked club.
Joseph shoots a sling bullet.
The sling bullet hits you!!
* * * LOW HITPOINT WARNING * * *
You feel much better.
The ogre shouts!
Joseph zaps a wand.
The mass of ice explodes!
The iceblast engulfs you!
You feel a painful chill!
* * * LOW HITPOINT WARNING * * *
You hear a shout! x2
Okay, then.
Okay, then.
Okay, then.
Joseph zaps a wand.
The mass of ice explodes!
The iceblast engulfs you!
You feel a painful chill!
* * * LOW HITPOINT WARNING * * *
You feel better.
Joseph shoots a sling bullet.
The sling bullet hits you!
You die...

#### ### .#. ####..###
##.## ....#####..#....#
##...# .##....#..@....##
#....#
.......<...#..######...#
...........##.##..##...#
.##.........#.........#####
.......................##.#
.##.................##..#.#
#.##......@......#.#..)..
#. #..)..........#))..... #
##........#.....#...##


You could see Joseph.

Vanquished Creatures
  A wraith (Ossuary)
  Eustachio (D:6)
  A steam dragon (D:6)
  A sky beast (D:5)
  A hornet zombie (D:7)
  An orc warrior (D:6)
  A black bear (D:5)
  3 necrophages (D:4)
  A centaur (D:5)
  2 ogres
  A phantom (D:5)
  2 kobold brigands
  A bullfrog (D:6)
  3 scorpions
  A wyvern skeleton (D:5)
  3 killer bees (D:6)
  2 bullfrog zombies
  A centaur zombie (D:4)
  2 bullfrog skeletons
  An orc priest (D:3)
  4 hounds
  Jessica (D:2)
  2 iguanas (D:4)
  2 orc wizards
  A mummy (Ossuary)
  6 adders
  2 river rats (Sewer)
  A shadow imp (D:4)
  A white imp (D:5)
  An adder zombie (D:4)
  2 worms
  2 adder skeletons (D:4)
  4 dart slugs
  7 orcs
  9 endoplasms
  6 giant cockroaches
  6 goblins
  13 hobgoblins
  9 jackals
  4 ball pythons
  5 bats
  4 frilled lizards
  6 gnoll skeletons (Ossuary)
  14 kobolds
  7 kobold skeletons (Ossuary)
  12 orc skeletons (Ossuary)
  A quokka zombie (D:4)
  7 rats
  A bush (D:4)
  A butterfly (D:4)
171 creatures vanquished.

Vanquished Creatures (others)
  149 foxfires
  13 plants (D:4)
162 creatures vanquished.

Grand Total: 333 creatures vanquished

Notes
Turn   | Place    | Note
-------+----------+-------------------------------------------
     0 | D:1      | Shard1697 the Djinni Ice Elementalist began the quest for
                  | the Orb.
     0 | D:1      | Reached XP level 1. HP: 15/15 MP: 0/0
   316 | D:1      | Reached XP level 2. HP: 20/21 MP: 0/0
   954 | D:1      | Reached XP level 3. HP: 25/25 MP: 0/0
   954 | D:1      | Learned a level 1 spell: Foxfire
  1355 | D:2      | Reached skill level 4 in Spellcasting
  1394 | D:2      | Found a faded altar of an unknown god.
  1733 | D:2      | Noticed a scorpion
  1743 | D:2      | Killed a scorpion
  1744 | D:2      | Reached XP level 4. HP: 20/31 MP: 0/0
  1744 | D:2      | Reached XP level 5. HP: 23/35 MP: 0/0
  1744 | D:2      | Learned a level 2 spell: Slow
  2245 | D:2      | Noticed Jessica
  2295 | D:2      | Killed Jessica
  2296 | D:2      | Reached skill level 5 in Spellcasting
  2903 | D:3      | Found an iron altar of Okawaru.
  2954 | D:3      | Reached skill level 1 in Fighting
  2954 | D:3      | Reached XP level 6. HP: 19/42 MP: 0/0
  3300 | D:4      | Found a sacrificial altar of Ru.
  3377 | D:4      | Found a blossoming altar of Fedhas.
  3496 | D:4      | Found a glowing drain.
  3633 | Sewer    | Entered a sewer
  3978 | Sewer    | Found a glowing silver altar of Zin.
  4023 | D:4      | Found a shimmering altar of Xom.
  4046 | D:4      | Reached XP level 7. HP: 43/49 MP: 0/0
  4046 | D:4      | Learned a level 3 spell: Confusing Touch
  4443 | D:4      | Reached skill level 6 in Spellcasting
  5065 | D:4      | Reached XP level 8. HP: 36/56 MP: 0/0
  5268 | D:5      | Entered Level 5 of the Dungeon
  5297 | D:5      | Reached skill level 7 in Spellcasting
  5324 | D:5      | Found a sand-covered staircase.
  5377 | Ossuary  | Entered an ossuary
  5377 | Ossuary  | Noticed a wraith
  5377 | Ossuary  | Noticed a wraith
  5377 | Ossuary  | Noticed a wraith
  5865 | Ossuary  | Noticed a wraith
  5890 | Ossuary  | Killed a wraith
  6330 | D:5      | Reached skill level 5 in Fighting
  6330 | D:5      | Reached XP level 9. HP: 17/65 MP: 0/0
  6330 | D:5      | Learned a level 3 spell: Call Canine Familiar
  6740 | D:5      | Found an ornate altar of the Wu Jian Council.
  7263 | D:6      | Reached skill level 8 in Spellcasting
  7602 | D:6      | Noticed Eustachio
  7607 | D:6      | Killed Eustachio
  8402 | D:7      | Reached skill level 9 in Spellcasting
  8411 | D:7      | Noticed Joseph
  8420 | D:7      | HP: 1/67 [Joseph/iceblast (14)]
  8421 | D:7      | Shot with a sling bullet by Joseph

Illustrated notes

Levels and vault maps discovered:
D:1:      shiori_shiawase, layout_loops_cross, minmay_surrounded
D:2:      layout_rooms, ebering_ecumenical_altar_petrified, minmay_misc_feat_x,
          minmay_hexomino_f4, uniq_jessica
D:3:      layout_basic, okawaru_trees_2, grunt_ministairs_4
D:4:      minmay_bubble_buster, layout_basic, fedhas_altar_decomposition,
          xom_butterflies, amcnicky_altar_gilded, gup_sewer_entry_glass
D:5:      layout_basic, pdpol_wu_jian_five_deadly_venoms,
          nicolae_ossuary_entry_ruins, serial_corexii_hall,
          chequers_hall_statues_y, chequers_hall_statues_corner_a, corexii_shack
D:6:      layout_loops_ring, serial_bayou_pond_e, uniq_eustachio
D:7:      layout_cave_pools, gammafunk_temple_overflow_claw,
          minmay_temple_entry_sparse_star, uniq_joseph

Skill      XL: |  1  2  3  4  5  6  7  8  9 |
---------------+----------------------------+-----
Spellcasting   | 4 5 6 7 9 |  9.0
Fighting       | 1 2 3 5 6 |  6.6
Dodging        | |  2.1
Stealth        | |  1.5

Action                   |  1- 3 |  4- 6 |  7- 9 || total
-------------------------+-------+-------+-------++-------
Melee: Club              |     7 |       |       ||     7
       Unarmed           |     1 |       |       ||     1
       Dagger            |    27 |    37 |    92 ||   156
       Quarterstaff      |       |       |    87 ||    87
       Short sword       |       |       |    31 ||    31
 Cast: Freeze            |    36 |    52 |    42 ||   130
       Frozen Ramparts   |     1 |     7 |    14 ||    22
       Foxfire           |       |       |    82 ||    82
       Ozocubu's Armour  |       |       |     7 ||     7
       Hailstorm         |       |       |     1 ||     1
  Use: Scroll            |       |     7 |     8 ||    15
       Potion            |       |       |     5 ||     5
 Stab: Sleeping          |     2 |     5 |     4 ||    11
Armor: Robe              |    15 |    16 |   106 ||   137
       Skin              |       |       |    12 ||    12
Dodge: Dodged            |    31 |    45 |   153 ||   229

Table legend: (Time is in decaauts)
 A = Elapsed time spent in this place.
 B = Non-inter-level travel time spent in this place.
 C = Inter-level travel time spent in this place.
 D = Time resting spent in this place.
 E = Time spent auto-exploring this place.
 F = Levels seen in this place.
 G = Mean time per level.
                   A        B        C        D        E       F      G
               +--------+--------+--------+--------+--------+-----+--------+
         Total |   8471 |   8285 |    186 |   2464 |   4227 |   9 |  941.2 |
       Dungeon |   7305 |   7119 |    186 |   1673 |   4137 |   7 | 1043.6 |
         Sewer |    380 |    380 |      0 |    234 |     77 |   1 |  380.0 |
       Ossuary |    785 |    785 |      0 |    557 |     13 |   1 |  785.0 |
               +--------+--------+--------+--------+--------+-----+--------+

Top non-repeatable levels by time:
     D:4: 1656 daAuts
     D:1: 1339 daAuts
     D:5: 1225 daAuts
     D:2: 1139 daAuts
     D:6: 1068 daAuts
 Ossuary: 785 daAuts
     D:3: 763 daAuts
   Sewer: 380 daAuts
     D:7: 112 daAuts
